 Dungeon Crawl Stone Soup version 0.30.1 (webtiles) character file.

Game seed: 5964502837419433019

101456 Peloso the Peltast (level 15, -6/143 HPs)
             Began as a Minotaur Fighter on July 2, 2023.
             Was the Champion of Okawaru.
             Mangled by a titan zombie (17 damage)
             ... on level 15 of the Dungeon.
             The game lasted 01:17:16 (24453 turns).

Peloso the Peltast (Minotaur Fighter)              Turns: 24453, Time: 01:17:17

Health: -6/143     AC: 26    Str: 32    XL:     15   Next: 83%
Magic:  15/15      EV: 13    Int:  5    God:    Okawaru [******]
Gold:   1897       SH: 20    Dex: 17    Spells: 14/14 levels left

rFire   + + .        a - +2 double sword (venom)
rCold   . . .        d - +0 kite shield {rF+}
rNeg    + . .        y - +7 chain mail of Tousemp {rN+ Regen+ Dex+5 Slay-4}
rPois   .            E - +1 hat of Wonder {rF+ SInv}
rElec   .            Y - +0 cloak
rCorr   +            t - +0 pair of gloves
SInv    +            j - +0 pair of boots {Stlth+}
Will    ++...        C - amulet of reflection
Stlth   +            r - ring of resist corrosion
HPRegen 1.23/turn    Q - ring of Ocuwk {Will+ Str+6}
MPRegen 0.14/turn

%: reflection
@: no status effects
A: horns 2, retaliatory headbutt
a: Renounce Religion, Heroism, Finesse, Duel


You were on level 15 of the Dungeon.
You worshipped Okawaru.
Okawaru was exalted by your worship.
You visited 4 branches of the dungeon, and saw 23 of its levels.
You also visited: Bailey.

You collected 4323 gold pieces.
You spent 2426 gold pieces at shops.

Inventory:

Hand Weapons
 a - a +2 double sword of venom (weapon)
 b - the +3 long sword of Action {speed, Drain rPois SInv Stlth-}
   (You found it on level 8 of the Dungeon)

   rPois:     It protects you from poison.
   SInv:      It lets you see invisible.
   Drain:     It drains your maximum health when unequipped.
   Stlth:     It makes you less stealthy.
 c - a +1 long sword of flaming
Armour
 d - a +0 kite shield of fire resistance (worn)
 j - a +0 pair of boots of stealth (worn)
 k - a +1 plate armour of cold resistance
 t - a +0 pair of gloves (worn)
 y - the +7 chain mail of Tousemp (worn) {rN+ Regen+ Dex+5 Slay-4}
   (You bought it in a shop on level 2 of the Dungeon)

   Dex:       It affects your dexterity (+5).
   Slay:      It affects your accuracy & damage with ranged weapons and melee
   (-4).
   rN:        It protects you from negative energy.
   Regen:     It increases your rate of health regeneration.
 E - the +1 hat of Wonder (worn) {rF+ SInv}
   (Okawaru gifted it to you on level 12 of the Dungeon)

   rF:        It protects you from fire.
   SInv:      It lets you see invisible.
 V - a +2 plate armour of poison resistance
 Y - a +0 cloak (worn)
Jewellery
 q - a ring of flight
 r - a ring of resist corrosion (left hand)
 C - an amulet of reflection (around neck)
 M - a +6 ring of strength
 N - an amulet of regeneration
 Q - the ring of Ocuwk (right hand) {Will+ Str+6}
   (You acquired it on level 9 of the Dungeon)

   [ring of strength]

   Str:       It affects your strength (+6).
   Will:      It increases your willpower.
Wands
 e - a wand of roots (9)
 p - a wand of paralysis (6)
 J - a wand of digging (2)
Scrolls
 h - 15 scrolls of teleportation
 i - 5 scrolls of immolation
 l - 2 scrolls of magic mapping
 m - 6 scrolls of identify
 n - a scroll of acquirement
 u - 3 scrolls of blinking
 G - 3 scrolls of fear
Potions
 f - 2 potions of heal wounds
 g - 4 potions of might
 o - 3 potions of haste
 w - 8 potions of curing
 A - 3 potions of invisibility
 F - 3 potions of flight
 R - a potion of resistance


   Skills:
 + Level 15.9 Fighting
 + Level 17.7 Long Blades
 + Level 14.3 Armour
 + Level 7.9 Dodging
 + Level 2.0 Stealth
 + Level 19.0 Shields
 + Level 2.0 Invocations
 + Level 0.3 Evocations


You had 14 spell levels left.
You didn't know any spells.
Your spell library contained the following spells:

 Spells                   Type           Power      Damage    Failure   Level
 Magic Dart               Conj           0%         1d3       86%         1
 Slow                     Hex            0%         N/A       86%         1
 Lesser Beckoning         Tloc           0%         N/A       95%         2
 Scorch                   Fire           0%         2d5       95%         2
 Sublimation of Blood     Necr           0%         N/A       95%         2
 Wereblood                Tmut           0%         N/A       95%         2
 Confusing Touch          Hex            0%         N/A       99%         3
 Frozen Ramparts          Ice            0%         1d1       99%         3
 Gell's Gravitas          Tloc           0%         N/A       99%         3
 Mephitic Cloud           Conj/Pois/Air  0%         N/A       99%         3
 Teleport Other           Tloc           0%         N/A       99%         3
 Vampiric Draining        Necr           0%         2d6       99%         3
 Flame Wave               Conj/Fire      0%         2d4       100%        4
 Ice Form                 Ice/Tmut       0%         N/A       100%        4
 Passage of Golubria      Tloc           0%         N/A       100%        4
 Yara's Violent Unravell  Hex/Tmut       0%         3d3       100%        5
 Call Imp                 Summ           Unusable   N/A       N/A         2
 Tukima's Dance           Hex            Unusable   N/A       N/A         3
 Summon Ice Beast         Ice/Summ       Unusable   N/A       N/A         4
 Summon Cactus Giant      Summ           Unusable   N/A       N/A         6
 Summon Hydra             Summ           Unusable   N/A       N/A         7

Dungeon Overview and Level Annotations

Branches:
Dungeon (15/15)            Temple (1/1) D:6            Lair (5/5) D:9
 Shoals (0/4) Lair:2        Snake (0/4) Lair:3        Slime (0/5) Lair:4
    Orc (2/2) D:12            Elf (0/3) Orc:2        Vaults (0/5) D:14
 Bailey (visited)
 Depths: D:15

Altars:
Cheibriados
Dithmenos
Elyvilon
Fedhas
Gozag
Okawaru
Qazlal
Ru
Sif Muna
Uskayaw
Vehumet
Wu Jian
Xom
Yredelemnul
Zin
The Shining One
Jiyva

Shops:
D:1 (   D:2 *!:!   D:12 ?   D:13 **[[(   Orc:1 [   Orc:2 ([!(

Annotations:
D:10 Casa
D:13 3 runed translucent doors, Dirphi Vium's ghost, journeyman MiBe


Innate Abilities, Weirdness & Mutations

You have a pair of horns on your head.
You reflexively headbutt those who attack you in melee.


Message History

The titan zombie closely misses you. You furiously retaliate!
You headbutt the titan zombie, but do no damage.
You hit the titan zombie.
The titan zombie is lightly damaged.
You block the hell knight zombie's attack.
You hit the hell knight zombie.
You destroy the hell knight zombie!
Okawaru accepts your kill. You block the titan zombie's attack.
Unknown command.
You slice the titan zombie!! You headbutt the titan zombie.
The titan zombie is moderately damaged.
You block the titan zombie's attack.
You slash the titan zombie!
The titan zombie is moderately damaged.
You slash the titan zombie!
The titan zombie is moderately damaged.
The titan zombie hits you but does no damage.
You hit the titan zombie.
The titan zombie is moderately damaged.
You hit the titan zombie.
You headbutt the titan zombie, but do no damage.
The titan zombie is heavily damaged.
You block the titan zombie's attack.
You completely miss the titan zombie.
The titan zombie is heavily damaged.
You hit the titan zombie.
The titan zombie is heavily damaged.
The titan zombie hits you!!
* * * LOW HITPOINT WARNING * * *
You slash the titan zombie!
The titan zombie is heavily damaged.
The titan zombie hits you.
* * * LOW HITPOINT WARNING * * *
You slice the titan zombie!!
The titan zombie is severely damaged.
You slice the titan zombie!!
The titan zombie is almost destroyed.
The titan zombie hits you!
You die...

#############
##.....#.....##
##.............##
######...............###..
..........................
######...............###.
#.............<.#
#.........@.....#
$.............Z....#
..<................##
......#......)....##
.............######
......####..... ......
#...### .... #.#.# #...#


You could see a titan zombie.

Vanquished Creatures
  A fire giant (D:13)
  An orc warlord (Orc:2)
  A stone giant (D:13)
  The ghost of aeroqp the Spear-Bearer, a journeyman DsWn of Makhleb (Lair:4)
  A yaktaur captain (D:13)
  2 fire dragons
  Harold (D:9)
  4 hydras
  A vault guard (D:14)
  A rakshasa (D:15)
  5 centaur warriors
  Erica (D:8)
  2 catoblepae
  An ogre mage (D:14)
  9 two-headed ogres
  10 boulder beetles
  5 death yaks (Lair:3)
  2 orc high priests (Orc:2)
  2 tengu warriors
  2 skysharks (Lair:3)
  A skeletal warrior (D:13)
  Lodul (D:11)
  Amaemon (D:7)
  A swamp dragon (Lair:5)
  A phantasmal warrior (D:13)
  2 orc knights (Orc:2)
  A necromancer (D:13)
  4 cyclopes
  A deep elf pyromancer (D:14)
  4 wolf spiders
  6 ugly things
  3 manticores
  26 elephants
  A black mamba (Lair:4)
  Joseph (D:7)
  An ice statue (Lair:2)
  An orange demon (D:8)
  11 cane toads
  A torpor snail (Lair:5)
  An unseen horror (D:12)
  Maggie (D:7)
  2 kobold demonologists
  3 rime drakes
  4 gargoyles
  12 komodo dragons
  4 tengu conjurers
  7 trolls
  Prince Ribbit (D:8)
  A hornet (D:7)
  21 blink frogs
  A blink frog (shapeshifter) (D:12)
  6 polar bears (Lair:5)
  20 dream sheep
  5 slime creatures
  A centaur simulacrum (D:12)
  A spriggan (shapeshifter) (D:13)
  2 shadows
  6 spriggans (Bailey)
  Sigmund (D:2)
  6 wyverns
  45 yaks
  4 wraiths
  A basilisk (shapeshifter) (D:12)
  Eustachio (D:4)
  8 basilisks
  8 steam dragons
  5 vampire mosquitoes
  A human zombie (D:15)
  A redback simulacrum (D:14)
  4 wargs
  6 acid dragons
  Duvessa (D:7)
  7 water moccasins
  A swamp drake (Lair:5)
  3 ice beasts
  38 orc warriors
  A sky beast (D:8)
  A black bear (D:6)
  21 ogres
  7 wolves
  8 centaurs
  A phantom (D:7)
  A kobold brigand (D:8)
  13 bullfrogs
  4 gnoll sergeants
  A scorpion (D:4)
  12 wights
  Dowan (D:6)
  24 killer bees
  10 electric eels
  A howler monkey (D:10)
  20 orc priests
  6 jellies (Lair:4)
  2 gnoll boudas
  4 hounds
  5 iguanas
  Terence (D:2)
  21 orc wizards
  32 gnolls
  6 adders
  A worm (D:4)
  3 dart slugs
  98 orcs
  8 bats
  6 endoplasms
  6 giant cockroaches
  43 goblins
  27 hobgoblins
  13 jackals
  4 quokkas
  4 ball pythons
  3 frilled lizards
  16 kobolds
  3 rats
799 creatures vanquished.

Vanquished Creatures (others)
  An orc warrior (D:8)
  A killer bee (D:11)
2 creatures vanquished.

Grand Total: 801 creatures vanquished

Notes
Turn   | Place    | Note
-------+----------+-------------------------------------------
     0 | D:1      | Peloso the Minotaur Fighter began the quest for the Orb.
     0 | D:1      | Reached XP level 1. HP: 19/19 MP: 0/0
    92 | D:1      | Reached XP level 2. HP: 27/27 MP: 1/1
   276 | D:1      | Found Ruhut's Weapon Shoppe.
   294 | D:1      | Reached skill level 4 in Shields
  1056 | D:2      | Found Noybij's Assorted Antiques.
  1061 | D:2      | Reached XP level 3. HP: 33/33 MP: 2/2
  1195 | D:2      | Bought a smoky puce potion for 15 gold pieces
  1195 | D:2      | Bought a scroll labelled DOYXAO XIXUNYL for 17 gold pieces
  1195 | D:2      | Bought a scroll labelled KUWIDI TIGACS for 17 gold pieces
  1241 | D:2      | Found Loink's Book Emporium.
  1277 | D:2      | Found Extel's Distillery.
  1526 | D:2      | Noticed Sigmund
  1548 | D:3      | Reached XP level 4. HP: 29/41 MP: 3/3
  1912 | D:3      | Reached skill level 5 in Fighting
  2341 | D:3      | Reached XP level 5. HP: 42/48 MP: 4/4
  3088 | D:3      | Reached XP level 6. HP: 47/56 MP: 5/5
  3337 | D:2      | Found Neggucit's Distillery.
  3411 | D:2      | Noticed Terence
  3419 | D:2      | Killed Terence
  3463 | D:2      | Killed Sigmund
  3464 | D:2      | Reached skill level 5 in Long Blades
  3464 | D:2      | Reached skill level 5 in Armour
  3464 | D:2      | Reached skill level 5 in Shields
  3709 | D:2      | Bought an ancient chain mail for 161 gold pieces
  3709 | D:2      | Identified the +7 chain mail of Tousemp {rN+ Regen+ Dex+5
                  | Slay-4} (You bought it in a shop on level 2 of the Dungeon)
  3916 | D:4      | Noticed Eustachio
  3975 | D:4      | Killed Eustachio
  3976 | D:4      | Reached skill level 1 in Dodging
  3976 | D:4      | Reached XP level 7. HP: 57/62 MP: 6/6
  4114 | D:4      | You fall into a shaft and drop 1 floor!
  4114 | D:5      | Entered Level 5 of the Dungeon
  5646 | D:6      | Reached XP level 8. HP: 70/70 MP: 7/7
  5711 | D:6      | Reached skill level 6 in Shields
  6244 | D:6      | Found a staircase to the Ecumenical Temple.
  6259 | Temple   | Entered the Ecumenical Temple
  6264 | Temple   | Became a worshipper of Warmaster Okawaru
  6643 | D:7      | Noticed Dowan
  6643 | D:7      | Noticed Duvessa
  6644 | D:7      | Noticed Joseph
  6661 | D:7      | Killed Duvessa
  6907 | D:6      | Killed Dowan
  6958 | D:7      | Killed Joseph
  6958 | D:7      | Reached * piety under Okawaru
  6959 | D:7      | Reached skill level 7 in Shields
  6959 | D:7      | Reached XP level 9. HP: 35/79 MP: 8/8
  7289 | D:7      | Reached ** piety under Okawaru
  7290 | D:7      | Reached skill level 10 in Long Blades
  7342 | D:7      | Noticed Maggie
  7371 | D:7      | Killed Maggie
  7372 | D:7      | Reached skill level 8 in Shields
  7720 | D:7      | Paralysed by a hornet for 1 turns
  8033 | D:8      | Reached XP level 10. HP: 74/89 MP: 9/9
  8041 | D:8      | Reached *** piety under Okawaru
  8091 | D:8      | Noticed a two-headed ogre
  8115 | D:8      | Killed a two-headed ogre
  8116 | D:8      | Reached skill level 9 in Shields
  8147 | D:8      | Noticed Amaemon
  8232 | D:7      | Killed Amaemon
  8381 | D:8      | Noticed an orange demon
  8400 | D:8      | Killed an orange demon
  8548 | D:8      | Noticed Prince Ribbit
  8579 | D:8      | Killed Prince Ribbit
  8720 | D:8      | Reached **** piety under Okawaru
  8812 | D:8      | Noticed Erica
  8870 | D:8      | Killed Erica
  8871 | D:8      | Reached skill level 10 in Shields
  9089 | D:8      | Identified the +3 long sword of Action {speed, Drain rPois
                  | SInv Stlth-}
  9322 | D:9      | Acquired the ring of Ocuwk {Will+ Str+6}
  9467 | D:9      | Reached XP level 11. HP: 48/97 MP: 7/10
  9524 | D:9      | Noticed Harold
  9559 | D:9      | Killed Harold
  9582 | D:9      | Found a flagged portal.
  9599 | Bailey   | Entered a bailey
  9763 | Bailey   | Noticed a two-headed ogre
  9790 | Bailey   | Killed a two-headed ogre
  9791 | Bailey   | Reached skill level 1 in Invocations
  9825 | Bailey   | Reached skill level 10 in Fighting
  9853 | Bailey   | Reached ***** piety under Okawaru
 10106 | D:9      | Reached skill level 11 in Shields
 10233 | D:9      | Noticed a two-headed ogre
 10248 | D:9      | Killed a two-headed ogre
 10249 | D:9      | Reached skill level 10 in Armour
 10370 | D:9      | Found a staircase to the Lair.
 10810 | D:10     | Entered Level 10 of the Dungeon
 11117 | D:10     | Found a white marble altar of Elyvilon.
 11119 | D:10     | Found a shimmering blue altar of Sif Muna.
 11120 | D:10     | Found a sacrificial altar of Ru.
 11125 | D:10     | Found a stormy altar of Qazlal.
 11126 | D:10     | Found a snail-covered altar of Cheibriados.
 11128 | D:10     | Found a shimmering altar of Xom.
 11128 | D:10     | Found a blossoming altar of Fedhas.
 11129 | D:10     | Found a shadowy altar of Dithmenos.
 11132 | D:10     | Found a radiant altar of Vehumet.
 11134 | D:10     | Found a basalt altar of Yredelemnul.
 11138 | D:10     | Found an opulent altar of Gozag.
 11172 | D:10     | Noticed a cyan ugly thing
 11183 | D:10     | Killed a cyan ugly thing
 11185 | D:10     | Noticed a two-headed ogre
 11204 | D:10     | Killed a two-headed ogre
 11206 | D:10     | Received a gift from Okawaru
 11651 | Lair:1   | Entered Level 1 of the Lair of Beasts
 11729 | Lair:1   | Reached XP level 12. HP: 108/108 MP: 12/12
 11765 | Lair:1   | Reached skill level 5 in Dodging
 11784 | Lair:1   | Reached skill level 12 in Shields
 12894 | Lair:2   | Found a staircase to the Shoals.
 12946 | Lair:2   | Reached skill level 13 in Shields
 13149 | Lair:2   | Reached skill level 15 in Long Blades
 13166 | Lair:2   | Received a gift from Okawaru
 13184 | Lair:2   | Reached ****** piety under Okawaru
 13750 | Lair:2   | Identified the amulet "Atzo Ini" {Spirit Stlth+}
 13989 | Lair:3   | Reached XP level 13. HP: 118/118 MP: 13/13
 14005 | Lair:3   | Found a staircase to the Snake Pit.
 14474 | Lair:3   | Reached skill level 14 in Shields
 14515 | Lair:3   | You fall into a shaft and drop 1 floor!
 14521 | Lair:4   | Found a runed translucent door.
 14613 | Lair:4   | Noticed aeroqp's ghost (journeyman DsWn)
 14659 | Lair:4   | Identified the +1 cloak of Conscience {Rampage Int+3 Dex-5}
                  | (Okawaru gifted it to you on level 4 of the Lair of Beasts)
 14659 | Lair:4   | Received a gift from Okawaru
 15019 | Lair:4   | Found a staircase to the Slime Pits.
 15923 | D:11     | Found an ornate altar of the Wu Jian Council.
 15954 | D:11     | Noticed Lodul
 15971 | D:11     | Killed Lodul
 15972 | D:11     | Reached skill level 1 in Stealth
 16697 | D:12     | Found Hur Myli's Magic Scroll Shoppe.
 16760 | D:12     | Found a staircase to the Orcish Mines.
 16847 | D:12     | Identified the +1 hat of Wonder {rF+ SInv} (Okawaru gifted
                  | it to you on level 12 of the Dungeon)
 16847 | D:12     | Received a gift from Okawaru
 16848 | D:12     | Reached skill level 15 in Shields
 17168 | D:12     | Reached XP level 14. HP: 129/129 MP: 14/14
 17928 | Orc:1    | Entered Level 1 of the Orcish Mines
 17939 | Orc:1    | Found Fifra's Antique Armour Emporium.
 18112 | Orc:1    | Bought a twisted chain mail for 285 gold pieces
 18112 | Orc:1    | Identified the +1 chain mail of Mirth {Rampage rC+ rN+}
                  | (You bought it in a shop on level 1 of the Orcish Mines)
 18373 | Orc:2    | Entered Level 2 of the Orcish Mines
 18413 | Orc:2    | Found Vetz's Distillery.
 18419 | Orc:2    | Bought a potion of berserk rage for 75 gold pieces
 18468 | Orc:2    | Found a staircase to the Elven Halls.
 18881 | Orc:2    | Reached skill level 16 in Shields
 19256 | Orc:2    | Noticed an orc warlord
 19301 | Orc:2    | Killed an orc warlord
 19342 | Orc:2    | Found Rilauf's Antique Weapon Shop.
 19346 | Orc:2    | Found Jealem's Antique Armour Boutique.
 19595 | Orc:2    | Found Mueh's Weapon Emporium.
 19686 | Orc:1    | You fall into a shaft and drop 1 floor!
 19970 | D:13     | Found Enon Tor's Antique Armour Shoppe.
 19970 | D:13     | Found Xoid's Armour Shoppe.
 19977 | D:13     | Received a gift from Okawaru
 20033 | D:13     | Found Qaugaokk's General Store.
 20036 | D:13     | Bought a scroll of identify for 36 gold pieces
 20051 | D:13     | Bought warped quicksilver dragon scales for 1820 gold
                  | pieces
 20051 | D:13     | Identified the quicksilver dragon scales "Wog Rukk" {rElec
                  | Will+ MP+9 Int-2 SInv} (You bought it in a shop on level 13
                  | of the Dungeon)
 20075 | D:13     | Found a runed translucent gate.
 20075 | D:13     | Found a runed translucent gate.
 20118 | D:13     | Noticed a stone giant
 20139 | D:13     | Killed a stone giant
 20441 | D:13     | Noticed Dirphi Vium's ghost (journeyman MiBe)
 20450 | D:13     | Reached skill level 17 in Shields
 20459 | D:13     | Found a runed translucent gate.
 20517 | D:13     | Acquired 1156 gold pieces
 20527 | D:13     | Noticed a fire giant
 20537 | D:13     | Killed a fire giant
 20712 | D:13     | Received a gift from Okawaru
 20748 | D:13     | Identified the +0 sling of Circularity {freeze, rF+ Will+}
 20764 | D:13     | Found Ucirhy's Assorted Antiques.
 21074 | D:13     | Found Meismaqo's Weapon Shop.
 21414 | Lair:3   | Reached skill level 15 in Fighting
 21414 | Lair:3   | Reached XP level 15. HP: 100/141 MP: 15/15
 21794 | Lair:4   | Found a viscous altar of Jiyva.
 22060 | Lair:4   | Killed aeroqp's ghost
 22081 | Lair:5   | Entered Level 5 of the Lair of Beasts
 22403 | Lair:5   | Reached skill level 18 in Shields
 22830 | Lair:5   | Received a gift from Okawaru
 23918 | D:14     | Found a gate to the Vaults.
 24360 | D:15     | Entered Level 15 of the Dungeon
 24438 | D:15     | HP: 6/143 [titan zombie (21)]
 24439 | D:15     | Reached skill level 19 in Shields
 24453 | D:15     | Mangled by a titan zombie

Illustrated notes

Levels and vault maps discovered:
D:1:      scummos_arrival_simple_fountains, layout_basic, serial_shops, shop,
          dreamdust_wishing_well
D:2:      cheibrodos_old_hovel, layout_basic, serial_shops, shop_statue, shop,
          shop_coins, nicolae_shop_window_shopping, uniq_terence, uniq_sigmund
D:3:      minmay_goblin_kobold_castle, layout_basic
D:4:      layout_loops_ring, minmay_crystal_room,
          chequers_serial_rivers_small_3, grunt_ministairs_12, uniq_eustachio
D:5:      layout_layer_cave
D:6:      layout_basic, minmay_temple_entry_junction_2
D:7:      layout_loops_cross, uniq_joseph, uniq_duvessa, uniq_maggie
D:8:      layout_gridville, serial_bayou, serial_bayou_pond_c,
          serial_bayou_pond_b, serial_bayou_pond_b, serial_bayou_pond_b,
          serial_bayou_crossing, minmay_orc_keep, uniq_amaemon, uniq_erica,
          uniq_prince_ribbit1
D:9:      layout_grid_maze, lair_entry_dummy, enter_bailey_3, uniq_harold
D:10:     layout_long_grid, nicolae_overflow_hallway_of_the_gods, serial_glass,
          glass_columns_a, glass_columns_a, st_stairs_11, grunt_ministairs_6
D:11:     layout_roguey, special_room [special_room_orc],
          nzn_wu_jian_contemplation, uniq_lodul
D:12:     four-leaf_vault, layout_rooms, orc_0_dummy, serial_shops,
          nicolae_shop_hallway_plus
D:13:     minmay_octo_star, layout_cave_pools, gammafunk_ghost_hydra_chop,
          serial_shops, nicolae_shop_temple_entry_statues_fountains,
          nicolae_shop_tiny_real_fake_doors, shop, nicolae_shop_back_alley_shop,
          nicolae_shop_just_a_little_nook
D:14:     layout_roguey, david_vaults_5, minivault_4
D:15:     gammafunk_depths_entry_grave, layout_rooms, tso_metal_star,
          vehumet_statue
Temple:   nicolae_temple_ecumenical_triangle
Lair:1:   layout_concentric_octagons
Lair:2:   statuecave_lemuel, layout_loops_ring, minmay_shoals_entry_centaurs
Lair:3:   layout_cellular_growth, dummy_snake_entry,
          nicolae_lair_run_with_the_wolves, serial_bayou_shore_a,
          infiniplex_staircase_pool
Lair:4:   layout_long_grid, nicolae_slime_entry_field_trip,
          ebering_ghost_reflecting_pool, lemuel_fruit_fields
Lair:5:   guppyfry_lair_end_dragon, layout_regular_city,
          cheibrodos_lair_lostbears, grunt_megastairs_4
Orc:1:    layout_caves, serial_shops, nicolae_shop_waterfront, mines_bat_river
Orc:2:    grunt_orc_community_town_hall, layout_diamond_mine,
          grunt_orc_community_big_house_2, grunt_orc_community_big_house_2,
          grunt_orc_community_house_1, grunt_orc_community_house_1,
          grunt_orc_community_house_1, grunt_orc_community_house_3,
          grunt_orc_community_house_3, basic_altar

Skill      XL: |  1  2  3  4  5  6  7  8  9 10 11 12 13 14 15 |
---------------+----------------------------------------------+-----
Fighting       | 4 5 6 7 8 9 10 12 13 15 | 15.9
Armour         | 4 5 6 7 8 9 10 12 13 14 | 14.3
Shields        | 4 5 7 8 10 11 13 15 17 19 | 19.0
Long Blades    | 3 4 6 7 9 10 12 13 15 16 17 | 17.7
Dodging        | 1 2 3 4 5 6 7 |  7.9
Invocations    | 1 2 |  2.0
Stealth        | 1 2 |  2.0
Evocations     | |  0.3

Action                     |  1- 3 |  4- 6 |  7- 9 | 10-12 | 13-15 || total
---------------------------+-------+-------+-------+-------+-------++-------
  Melee: Long sword        |    86 |   305 |   365 |   911 |    17 ||  1684
         Headbutt          |     6 |    47 |    86 |   248 |   501 ||   888
         Scimitar          |       |       |       |    32 |   329 ||   361
         Double sword      |       |       |       |       |  1461 ||  1461
 Invoke: Heroism           |       |       |       |    17 |     9 ||    26
  Evoke: Wand              |       |       |       |     4 |     3 ||     7
    Use: Potion            |     4 |       |       |     5 |     4 ||    13
         Scroll            |       |     1 |    11 |    14 |    10 ||    36
   Stab: Petrified         |       |       |       |       |     2 ||     2
         Petrifying        |       |       |       |       |     1 ||     1
 Armour: Scale mail        |    19 |       |       |       |       ||    19
         Chain mail        |    55 |   253 |   158 |   261 |   620 ||  1347
  Dodge: Dodged            |    51 |   157 |   128 |   298 |   630 ||  1264
  Block: Buckler           |    35 |   110 |   210 |   501 |   433 ||  1289
         Reflection        |       |       |     9 |    12 |    38 ||    59
         Kite shield       |       |       |       |       |  1144 ||  1144
